 Dungeon Crawl Stone Soup version 0.29-a0-723-gce39da1c22 (webtiles) character file.

Game seed: 12889703920594549412

67 blackman the Sneak (level 4, -1/35 HPs)
             Began as a Human Delver on June 28, 2022.
             Was an Initiate of the Shining One.
             Slain by a scorpion (5 damage)
             ... on level 5 of the Dungeon.
             The game lasted 00:02:50 (946 turns).

blackman the Sneak (Human Delver)                    Turns: 946, Time: 00:02:51

Health: -1/35      AC:  3    Str: 14    XL:     4   Next: 38%
Magic:  4/4        EV: 12    Int: 11    God:    the Shining One [......]
Gold:   83         SH:  0    Dex: 14    Spells: 3/3 levels left

rFire   . . .      SeeInvis .   a - +0 hand axe
rCold   . . .      Faith    .   (no shield)
rNeg    . . .      Spirit   .   b - +0 leather armour
rPois   .          Reflect  .   (no helmet)
rElec   .          Harm     .   (no cloak)
rCorr   .          Rampage  .   (no gloves)
Will    .....                   (no boots)
Stlth   +.........              (no amulet)
HPRegen 0.11/turn               (no ring)
MPRegen 0.09/turn               (no ring)

@: glowing
A: no striking features
a: Renounce Religion


You were on level 5 of the Dungeon.
You worshipped the Shining One.
The Shining One was noncommittal.
You visited 1 branch of the dungeon, and saw 2 of its levels.

You collected 83 gold pieces.

Inventory:

Hand Weapons
 a - a +0 hand axe (weapon)
Armour
 b - a +0 leather armour (worn)
Wands
 g - a wand of digging (3)
 i - a wand of iceblast (6)
 l - a wand of charming (5)
Scrolls
 c - a scroll of fog
 d - a scroll of magic mapping
 e - a scroll of fear
 j - a scroll of identify {unknown}
Potions
 f - a potion of haste
 h - a potion of might {unknown}
 k - a potion of mutation {unknown}
 m - a potion of curing {unknown}


   Skills:
 - Level 3.0 Fighting
 + Level 4.3 Axes
 - Level 2.0 Dodging
 - Level 5.0 Stealth


You had 3 spell levels left.
You didn't know any spells.
Your spell library was empty.

Dungeon Overview and Level Annotations

Branches:
Dungeon (5/15)
 Temple: D:4-7

Altars:
Dithmenos
The Shining One


Message History

You feel sick. The scorpion stings you.
Cleave: a) +0 hand axe
Press: ? - help, Dir - move target, f/p - scorpion
Aim: a scorpion (severely wounded, about 37% to evade your +0 hand axe)
You closely miss the scorpion.
The scorpion is severely wounded.
You feel sick.
The scorpion stings you but does no damage.
The scorpion closely misses you.
Cleave: a) +0 hand axe
Press: ? - help, Dir - move target, f/p - scorpion
Aim: a scorpion (severely wounded, about 37% to evade your +0 hand axe)
You hit the scorpion but do no damage.
The scorpion is severely wounded.
You feel sick. The scorpion closely misses you.
Cleave: a) +0 hand axe
Press: ? - help, Dir - move target, f/p - scorpion
Aim: a scorpion (severely wounded, about 37% to evade your +0 hand axe)
You hit the scorpion.
The scorpion is almost dead.
You feel sick.
The scorpion stings you but does no damage.
The scorpion stings you.
* * * LOW HITPOINT WARNING * * *
Cleave: a) +0 hand axe
Press: ? - help, Dir - move target, f/p - scorpion
Aim: a scorpion (almost dead, about 37% to evade your +0 hand axe)
You hit the scorpion.
The scorpion is almost dead.
You feel sick.
You are no longer poisoned.
The scorpion stings you.
* * * LOW HITPOINT WARNING * * *
Cleave: a) +0 hand axe
Press: ? - help, Dir - move target, f/p - scorpion
Aim: a scorpion (almost dead, about 37% to evade your +0 hand axe)
You barely miss the scorpion.
The scorpion is almost dead.
The scorpion stings you.
You die...

.#...#
#####.)#.##.......#
###..# ##............#
###..# ###.##.......#
.##..# ...).......##
.#...# #..##.##.....##
...#.#######.#
#.#.......#
#............
#.#.......#
.......#####
#.#.......# ..#...##
#@.#.....##
###...##### ##s##...##
##..#.....# #.######
##.##..##.# #..
.#.###.##.# ###...
...###....###........
.....................#
..##.#....<.#####.####
.<............# #.#


You could see a scorpion.

Vanquished Creatures
  A crimson imp (D:4)
  An adder (D:5)
  A shadow imp (D:5)
  An endoplasm (D:4)
  A goblin (D:4)
  4 jackals
  2 goblin skeletons (D:4)
  2 goblin zombies (D:4)
  3 hobgoblin zombies (D:4)
  2 kobolds (D:4)
  A kobold skeleton (D:4)
  An orc skeleton (D:4)
20 creatures vanquished.

Notes
Turn   | Place    | Note
-------+----------+-------------------------------------------
     0 | D:5      | blackman the Human Delver began the quest for the Orb.
     0 | D:5      | Reached XP level 1. HP: 18/18 MP: 1/1
    46 | D:5      | Found a shadowy altar of Dithmenos.
    53 | D:5      | Reached XP level 2. HP: 18/24 MP: 2/2
   169 | D:5      | Noticed a black bear
   181 | D:5      | Noticed an ogre
   187 | D:5      | Noticed a scorpion
   593 | D:4      | Found a glowing golden altar of the Shining One.
   593 | D:4      | Noticed a crimson imp
   594 | D:4      | Killed a crimson imp
   595 | D:4      | Reached XP level 3. HP: 29/29 MP: 3/3
   601 | D:4      | Reached XP level 4. HP: 31/35 MP: 4/4
   610 | D:4      | Became a worshipper of the Shining One
   929 | D:5      | Noticed a scorpion
   946 | D:5      | Slain by a scorpion

Illustrated notes

Levels and vault maps discovered:
D:4:      layout_basic, nicolae_tso_besieged_by_evil
D:5:      layout_rooms, grunt_dithmenos_shadows

Skill      XL: |  1  2  3 |
---------------+----------+-----
Axes           | 3 4 |  4.3
Fighting       | |  3.0
Dodging        | |  2.0
Stealth        | |  5.0

Action                   |  1- 3 |  4- 6 || total
-------------------------+-------+-------++-------
Melee: Hand axe          |    30 |    54 ||    84
       Punch             |     1 |       ||     1
Evoke: Wand              |     1 |     1 ||     2
 Stab: Sleeping          |     2 |       ||     2
Armor: Leather armour    |    14 |    18 ||    32
Dodge: Dodged            |    43 |    30 ||    73

Table legend: (Time is in decaauts)
 A = Elapsed time spent in this place.
 B = Non-inter-level travel time spent in this place.
 C = Inter-level travel time spent in this place.
 D = Time resting spent in this place.
 E = Time spent auto-exploring this place.
 F = Levels seen in this place.
 G = Mean time per level.
                   A        B        C        D        E       F      G
               +--------+--------+--------+--------+--------+-----+--------+
         Total |    955 |    949 |      6 |    468 |    252 |   2 |  477.5 |
       Dungeon |    955 |    949 |      6 |    468 |    252 |   2 |  477.5 |
               +--------+--------+--------+--------+--------+-----+--------+

Top non-repeatable levels by time:
     D:4: 505 daAuts
     D:5: 449 daAuts
